[Event "Late-Titled-Tuesday-Blitz-February-06-2024"]
[Site "Chess.com"]
[Date "2024.02.06"]
[Round "8"]
[White "Iuckyducky"]
[Black "ural58"]
[Result "0-1"]
[WhiteElo "2272"]
[BlackElo "2477"]
[TimeControl "180+1"]
[EndTime "15:29:10 PST"]
[Termination "ural58 won by checkmate"]

1. e4 d5 2. exd5 Qxd5 3. Nc3 Qa5 4. d4 Nf6 5. Nf3 Nc6 6. Bd2 a6 7. h3 Bf5 8. Bc4 Nb4 9. Rc1 b5 10. Bb3 Qb6 11. a3 Nc6 12. O-O Na5 13. Ba2 e6 14. d5 O-O-O 15. b4 Nc4 16. Bxc4 bxc4 17. Qe2 exd5 18. Be3 d4 19. Nxd4 Rxd4 20. Rcd1 c5 21. bxc5 Bxc5 22. Na4 Qc6 23. Nxc5 Rxd1 24. Rxd1 Re8 25.
Qxc4 Be6 26. Qxa6+ Qxa6 27. Nxa6 Bc4 28. Nb4 Ne4 29. Rd4 Bb5 30. c4 Ba4 31. c5 Nc3 32.
Rc4 Nd1 33. Bf4 f6 34. Kh2 g5 35. Bg3 h5 36. Nd5 h4 37. Bd6 Bb5 38. Nxf6 Re1 39. Rb4 Nxf2 40. Bg3 Rh1# 0-1

[Event "Late-Titled-Tuesday-Blitz-February-06-2024"]
[Site "Chess.com"]
[Date "2024.02.06"]
[Round "8"]
[White "trriinu"]
[Black "DinaBelenkaya"]
[Result "0-1"]
[WhiteElo "2236"]
[BlackElo "2431"]
[TimeControl "180+1"]
[EndTime "15:29:10 PST"]
[Termination "DinaBelenkaya won on time"]

1. e4 c6 2. Nc3 d5 3. Nf3 dxe4 4.
Nxe4 Nf6 5. Qe2 Nxe4 6. Qxe4 Qd5 7.
Qxd5 cxd5 8. d4 Nc6 9. c3 a6 10. Bd3 f6 11. O-O Kf7 12. Re1 Bg4 13. Bf4 Bxf3 14. gxf3 g5 15. Bg3 h5 16. h4 Bh6 17. Bf5 Nd8 18. Kh2 gxh4 19. Bxh4 e6 20. Bc2 Nc6 21. Bg3 h4 22. Bd6 Rad8 23. Bc5 Bf4+ 24.
Kh3 f5 25. Rg1 Rhg8 26. Rae1 Nb8 27. Bb6 Rde8 28. b3 Nd7 29. Ba5 b6 30. Bb4 a5 31.
Ba3 b5 32. Bc1 Bxc1 33. Rxc1 Rxg1 34. Rxg1 Rc8 35. Bd3 Rxc3 36. Bxb5 Nf8 37. Kxh4 Rxf3 38. Rg2 Kf6 39. Be8 Rf4+ 40. Kh3 Rxd4 41. Bh5 Rd3+ 42.
Kh4 e5 0-1

[Event "Late-Titled-Tuesday-Blitz-February-06-2024"]
[Site "Chess.com"]
[Date "2024.02.06"]
[Round "8"]
[White "ChessBrainiacOnTwitch"]
[Black "Payyappat"]
[Result "0-1"]
[WhiteElo "2809"]
[BlackElo "2540"]
[TimeControl "180+1"]
[EndTime "15:29:14 PST"]
[Termination "Payyappat won on time"]

1. e4 c6 2. d4 d5 3. e5 Bf5 4. h4 Qc7 5. c4 e6 6. Nc3 h5 7.
Nf3 Nd7 8. Bg5 dxc4 9. Bxc4 Nb6 10. Bb3 Ne7 11. O-O Ned5 12. Rc1 Nxc3 13. bxc3 Be7 14. c4 O-O-O 15. d5 exd5 16. cxd5 Bxg5 17. d6 Bxc1 18. Qxc1 Qd7 19. a4 Be6 20. a5 Bxb3 21. axb6 a6 22. Nd4 Bd5 23. Qc5 Kb8 24. Ra1 Rhe8 25. Re1 f6 26. f4 fxe5 27. fxe5 Qg4 28. Re2 Rxe5 29. Rd2 Rf8 30. Qc1 Qxh4 31. d7 Re1+ 32. Qxe1 Qxe1+ 33. Kh2 Qh4+ 34. Kg1 Qd8 35. Nb3 Qxd7 36. Nc5 Qg4 37. Nd3 Re8 38. Rf2 Re2 39. Nf4 Rxf2 40. Kxf2 Qxf4+ 41. Ke1 Qg3+ 42. Kd2 Qxg2+ 43. Kc1 h4 44. Kb1 h3 0-1

[Event "Late-Titled-Tuesday-Blitz-February-06-2024"]
[Site "Chess.com"]
[Date "2024.02.06"]
[Round "8"]
[White "GMWSO"]
[Black "LyonBeast"]
[Result "0-1"]
[WhiteElo "3093"]
[BlackElo "3163"]
[TimeControl "180+1"]
[EndTime "15:29:15 PST"]
[Termination "LyonBeast won by resignation"]

1. d4 Nf6 2. c4 g6 3. Nc3 d5 4. cxd5 Nxd5 5. e4 Nxc3 6. bxc3 Bg7 7. Nf3 c5 8. Bb5+ Nc6 9. O-O O-O 10. Bxc6 bxc6 11.
Qc2 Qa5 12. a4 cxd4 13. cxd4 Bg4 14. Bd2 Qh5 15. Ne5 Bxe5 16. dxe5 Qxe5 17. Bc3 Qc5 18.
Rac1 Rfd8 19. h3 Be6 20. Qb2 Rab8 21. Qa1 Qh5 22. Be5 Rb3 23. Rxc6 Bxh3 24. Rc3 Qg5 25. Bg3 Rxc3 26. Qxc3 Be6 27. Qc7 Rc8 28. Qxa7 h5 29. Qe3 Qxe3 30. fxe3 Rc4 31. a5 Rxe4 32. Ra1 Rxe3 33.
Bf2 Rc3 34. a6 Bd5 35. a7 Rc8 36. Rb1 Ra8 37. Rb8+ Kg7 38. Bc5 e6 39. Bd4+ f6 40.
g3 g5 41. Kf2 Kg6 42. Rb4 Rc8 43. Rb8 Rc2+ 44. Ke3 Ra2 45. Rf8 e5 46. Bc5 Ra5 47.
Rd8 Bg2 48. Bb6 Ra3+ 49. Kf2 Be4 50. Rd2 h4 51. gxh4 gxh4 52. Rd7 h3 53. Kg1 Ra2 54.
Bf2 h2+ 55. Kxh2 Rxf2+ 56. Kg3 Ra2 0-1

[Event "Late-Titled-Tuesday-Blitz-February-06-2024"]
[Site "Chess.com"]
[Date "2024.02.06"]
[Round "8"]
[White "TheAlienParty"]
[Black "Franmu14"]
[Result "1-0"]
[WhiteElo "2403"]
[BlackElo "2741"]
[TimeControl "180+1"]
[EndTime "15:29:18 PST"]
[Termination "TheAlienParty won by checkmate"]

1. c4 e6 2. Nf3 d5 3. e3 Nf6 4. b3 Be7 5. Bb2 O-O 6. Qc2 c5 7. cxd5 exd5 8. h4 b6 9. Nc3 Re8 10. Ng5 Bb7 11. Bb5 Nbd7 12. Ne2 d4 13. exd4 cxd4 14.
Bxd4 Bc5 15. Bxc5 Nxc5 16. Bxe8 Qxe8 17. d4 Nce4 18. O-O h6 19. Nxe4 Nxe4 20. Qc7 Ba6 21. Rfe1 Qb5 22. Qf4 Nf6 23. Nc3 Qc6 24. Rac1 Bb7 25.
f3 Qd7 26. Red1 Re8 27. d5 b5 28. Rd4 a5 29. Rcd1 b4 30. Ne4 Nxe4 31. fxe4 f6 32. R1d2 Qb5 33. Kf2 Qc5 34. Kg3 Bc8 35. Kh2 Re5 36.
Rc4 Qf8 37. Rdc2 Bd7 38. Rc7 Qd6 39. g3 Kh7 40. R7c5 Qb6 41. Qf2 Qd6 42. Qd4 Qe7 43. Re2 Qe8 44. Rxa5 Qh5 45. Rf2 Qg4 46. Rf4 Qe2+ 47.
Qf2 Qd1 48. Rc5 Qa1 49. Rc7 Bb5 50. Rxf6 Qd1 51. Rxg7+ Kxg7 52. Rf7+ Kg6 53. Qf6+ Kh5 54. Qxe5+ Kg4 55. Qf4+ Kh5 56. Qf5# 1-0

[Event "Late-Titled-Tuesday-Blitz-February-06-2024"]
[Site "Chess.com"]
[Date "2024.02.06"]
[Round "8"]
[White "boguszp"]
[Black "BelaKis"]
[Result "0-1"]
[WhiteElo "2045"]
[BlackElo "2228"]
[TimeControl "180+1"]
[EndTime "15:29:18 PST"]
[Termination "BelaKis won on time"]

1. d4 Nf6 2. Bf4 c5 3. c3 Qb6 4. Qb3 Qxb3 5. axb3 cxd4 6. cxd4 Nc6 7. e3 Nd5 8. Bg3 Ndb4 9. Na3 d6 10. Rc1 Bf5 11. Nf3 g6 12. Bb5 Bg7 13. O-O O-O 14. Bxc6 bxc6 15. Nc4 Rfb8 16. Nfd2 Bd3 17. Rfd1 Bc2 18.
Re1 Rb5 19. Na3 Rh5 20. Nxc2 Nd3 21. Na3 e5 22. Ndc4 exd4 23. Bxd6 dxe3 24. Nxe3 Bxb2 25. Rcd1 Nxe1 26. Rxe1 Bxa3 27. Bxa3 Rb8 28. Rb1 Rhb5 29. b4 a5 30. Nc2 axb4 31. Rxb4 Rxb4 32. Bxb4 c5 33. Be1 Rb2 34. Ne3 Rb1 35. Kf1 Kf8 36.
Ke2 Ke7 37. Bd2 Kd7 38. Bc3 Kc6 39. f3 f5 40. g3 Rb3 41. Kd2 Ra3 42. Nc2 Ra2 43. f4 Kb5 44. Bf6 Kc4 45. Bg7 Kb3 46. Bf8 Rxc2+ 47. Kd3 c4+ 48. Kd4 Rxh2 49. Kd5 c3 0-1

[Event "Late-Titled-Tuesday-Blitz-February-06-2024"]
[Site "Chess.com"]
[Date "2024.02.06"]
[Round "8"]
[White "YurasovMat-2012"]
[Black "TigrVShlyape"]
[Result "1-0"]
[WhiteElo "2700"]
[BlackElo "2899"]
[TimeControl "180+1"]
[EndTime "15:29:19 PST"]
[Termination "YurasovMat-2012 won on time"]

1. e4 c5 2. Nf3 e6 3. b3 b6 4. Bb2 Bb7 5. d3 Nc6 6. Nbd2 Nge7 7. g3 d5 8. Bg2 d4 9. O-O Ng6 10. Re1 Bd6 11. e5 Bc7 12. h4 Rb8 13. Nc4 b5 14. Nd6+ Bxd6 15. exd6 Qxd6 16. Nd2 O-O 17.
Ne4 Qe7 18. Bc1 h6 19. f4 f5 20. Nf2 Qf6 21. Bd2 Rfe8 22. a3 a5 23. a4 b4 24.
Qe2 Nh8 25. Bf3 Nf7 26. Qf1 Ne7 27. Bxb7 Rxb7 28. Qg2 Nd5 29. Re2 Rd7 30. Rae1 Rdd8 31. h5 Kh8 32. Qf3 Rd6 33. Qg2 Qd8 34. Qf3 Qd7 35.
Qg2 Rc6 36. Qf3 Rcc8 37. Qg2 Re7 38. g4 Rce8 39. Qf3 e5 40. gxf5 exf4 41. Rxe7 Rxe7 42. Rxe7 Nxe7 43. Bxf4 Qxf5 44. Kg2 Nd5 45. Nh3 Nf6 46. Bc7 Qe6 47. Bxa5 Ne5 48. Qe2 1-0

[Event "Late-Titled-Tuesday-Blitz-February-06-2024"]
[Site "Chess.com"]
[Date "2024.02.06"]
[Round "8"]
[White "tactic"]
[Black "Redzishchess"]
[Result "1-0"]
[WhiteElo "2658"]
[BlackElo "2530"]
[TimeControl "180+1"]
[EndTime "15:29:20 PST"]
[Termination "tactic won by resignation"]

1. e4 c5 2. c3 Nf6 3. e5 Nd5 4. Nf3 Nc6 5. Na3 d6 6. Bb5 e6 7. O-O Bd7 8. Re1 Nxe5 9. Nxe5 dxe5 10. Bxd7+ Qxd7 11. Rxe5 Bd6 12. Re1 O-O 13. d3 b5 14.
Qf3 Nb6 15. Nc2 Rad8 16. Be3 Nd5 17. Rad1 b4 18. d4 c4 19. cxb4 Nxb4 20. Nxb4 Bxb4 21. Re2 Qd5 22. Rc2 Rc8 23. Rdc1 Rc7 24. Qg3 Rfc8 25. Bf4 Rc6 26. Be5 Bf8 27. Rc3 a5 28. h4 Kh8 29.
Rf3 f5 30. h5 R8c7 31. h6 Rf7 32.
Qg5 Kg8 33. hxg7 Bxg7 34. Rg3 Qd7 35. b3 c3 36. Rcxc3 Rxc3 37. Rxc3 h6 38. Qg6 Kh8 39. Qxh6+ Kg8 40. Qg6 Kf8 41. Rc7 Qxc7 42. Bxc7 Rxc7 43. Qxe6 Re7 44. Qxf5+ Ke8 45. Qc8+ Kf7 46. Qf5+ Ke8 47.
Qxa5 Bxd4 48. Qa8+ Kf7 49. Qd5+ 1-0

[Event "Late-Titled-Tuesday-Blitz-February-06-2024"]
[Site "Chess.com"]
[Date "2024.02.06"]
[Round "8"]
[White "ATM622"]
[Black "edgarhay012"]
[Result "0-1"]
[WhiteElo "2452"]
[BlackElo "2592"]
[TimeControl "180+1"]
[EndTime "15:29:20 PST"]
[Termination "edgarhay012 won by resignation"]

1. d4 Nf6 2. c4 e6 3. g3 d5 4. Bg2 Bb4+ 5. Nd2 O-O 6. Qc2 Nbd7 7. Nf3 dxc4 8. Qxc4 Be7 9. O-O c5 10. dxc5 Nxc5 11. Rd1 Qb6 12. b4 Na4 13. a3 Bd7 14. Ne5 Rac8 15. Qh4 Bb5 16. Ndc4 Bxc4 17. Nxc4 Qb5 18.
Ne3 Qxe2 19. Bd2 Nb2 20. Bf1 Qf3 21. Rdb1 Ne4 22. Qxe7 Qxf2+ 23. Kh1 Qxd2 24. Re1 Nf2+ 25.
Kg1 Nbd3 26. Re2 Qc3 27. Raa2 Ne4 28. Ng4 Qd4+ 29. Kg2 Nc3 30. Qg5 Qd5+ 31. Qxd5 exd5 32. Rad2 Nxe2 33. Bxe2 Rc2 34. Rxc2 Ne1+ 35. Kh3 Nxc2 36. Ne5 Nxa3 37. Bf3 Rd8 38. Bd1 Nc4 39. Nd3 Ne3 40. Be2 d4 41. g4 Rc8 42. Kg3 Rc2 43. Kf3 Nxg4 44. Bd1 Nxh2+ 45. Ke4 Rd2 46. Bb3 Ng4 47. Kxd4 Nf2 48. Bc4 Nxd3 49. Bxd3 Rxd3+ 50. Kxd3 h5 0-1

[Event "Late-Titled-Tuesday-Blitz-February-06-2024"]
[Site "Chess.com"]
[Date "2024.02.06"]
[Round "8"]
[White "Konavets"]
[Black "MolecularChemist"]
[Result "1/2-1/2"]
[WhiteElo "3117"]
[BlackElo "2965"]
[TimeControl "180+1"]
[EndTime "15:29:22 PST"]
[Termination "Game drawn by repetition"]

1. d4 Nf6 2. c4 e6 3. Nf3 d5 4. Nc3 Be7 5. cxd5 exd5 6. Bf4 O-O 7. e3 c6 8. Qc2 a5 9. Bd3 Na6 10. a3 Nc7 11. h3 Ne6 12. Be5 h6 13. g4 Nd7 14.
Bg3 b5 15. h4 Ba6 16. g5 h5 17. O-O Qc8 18. Rfc1 b4 19. axb4 Bxd3 20. Qxd3 axb4 21.
Nxd5 cxd5 22. Rxc8 Rxa1+ 23. Kg2 Rxc8 24. g6 fxg6 25.
Qxg6 Nf6 26. Qf5 Rc6 27. Ng5 Nf8 28. Be5 Ra5 29. Nh3 g6 30. Qf3 Ng4 31. Bg3 Rf6 32.
Qd1 Kg7 33. Be5 Nxe5 34. dxe5 Rf5 35. Nf4 Rxe5 36. Qd4 Bf6 37. Qb6 Ra2 38. Qb7+ Re7 39. Qc6 Rxb2 40. Nxd5 Rf7 41. Kg3 b3 42. Nxf6 Rxf6 43.
Qc7+ Kg8 44. Qc4+ Kg7 45. Qc7+ Kg8 46. Qc4+ Kg7 47. Qc7+ 1/2-1/2

[Event "Late-Titled-Tuesday-Blitz-February-06-2024"]
[Site "Chess.com"]
[Date "2024.02.06"]
[Round "8"]
[White "jinbojinbo"]
[Black "Atousa"]
[Result "1-0"]
[WhiteElo "2629"]
[BlackElo "2482"]
[TimeControl "180+1"]
[EndTime "15:29:24 PST"]
[Termination "jinbojinbo won on time"]

1. Nf3 d5 2. e3 Nf6 3. c4 e6 4. b3 Be7 5. Bb2 O-O 6. Be2 c5 7. cxd5 Nxd5 8. O-O Nc6 9. d4 cxd4 10. Nxd4 Nxd4 11. Bxd4 Bf6 12. Na3 Bd7 13. Nc4 Rc8 14. Rc1 Bb5 15. a4 Ba6 16. Qd2 Bxd4 17. Qxd4 Nb6 18.
Qxd8 Rfxd8 19. Nxb6 axb6 20. Bxa6 bxa6 21. Rfd1 Kf8 22. Kf1 Rxd1+ 23. Rxd1 Rc3 24. b4 Rc4 25. Rd8+ Ke7 26. Ra8 Rxb4 27. Rxa6 Rb2 28. g4 h6 29.
Kg2 Kf6 30. h4 Rb4 31. Kf3 Rb2 32. Ra7 Rb3 33. Kf4 g5+ 34. Kg3 gxh4+ 35. Kxh4 Kg6 36. Ra8 Kg7 37. Kg3 Kf6 38. Kf3 Rb4 39. Kg3 Kg7 40. f4 Kf6 41. Kf3 e5 42. f5 h5 43.
gxh5 Kxf5 44. Ra6 Kg5 45. h6 e4+ 46. Kg3 1-0

[Event "Late-Titled-Tuesday-Blitz-February-06-2024"]
[Site "Chess.com"]
[Date "2024.02.06"]
[Round "8"]
[White "manitodeplomo"]
[Black "Pelusiansky"]
[Result "1-0"]
[WhiteElo "2628"]
[BlackElo "2479"]
[TimeControl "180+1"]
[EndTime "15:29:24 PST"]
[Termination "manitodeplomo won by resignation"]

1. d4 d5 2. c4 e6 3. Nf3 Nf6 4.
Nc3 a6 5. Bg5 dxc4 6. a4 Bb4 7. e3 c5 8. Bxc4 Nc6 9. O-O cxd4 10. exd4 Be7 11. Qd3 Nb4 12. Qe2 O-O 13. Rad1 Bd7 14.
Rfe1 Rc8 15. Ne5 Be8 16. h4 h6 17. Bc1 Nbd5 18. Rd3 Nxc3 19. bxc3 Nd5 20. Rg3 Bxh4 21. Rh3 Bg5 22. Bxd5 exd5 23. f4 Bh4 24. Rf1 Bf6 25. Qh5 Bd7 26. f5 Bg5 27. Rg3 Bxc1 28. Rxc1 Bxa4 29.
f6 g6 30. Nxg6 Qxf6 31. Nxf8+ Kxf8 32. Rf1 Qe6 33. Rgf3 Be8 34. Rf6 Qe3+ 35. Kh1 Qg5 36. Qxh6+ Qxh6+ 37. Rxh6 Rxc3 38. Rh8+ Ke7 39. Re1+ Kd7 40.
Rhxe8 Rc4 41. R8e7+ Kc6 42. Rxf7 Rxd4 43. Rc1+ Rc4 44.
Rxc4+ dxc4 45. g4 b5 46. g5 c3 47. g6 c2 48. Rf1 b4 49. g7 b3 50. g8=Q 1-0

[Event "Late-Titled-Tuesday-Blitz-February-06-2024"]
[Site "Chess.com"]
[Date "2024.02.06"]
[Round "8"]
[White "WPWPWP-2015"]
[Black "kai_nov"]
[Result "1-0"]
[WhiteElo "2488"]
[BlackElo "2308"]
[TimeControl "180+1"]
[EndTime "15:29:24 PST"]
[Termination "WPWPWP-2015 won on time"]

1. e4 c5 2. Nf3 Nc6 3. d4 cxd4 4. Nxd4 Nf6 5. Nc3 e5 6. Ndb5 d6 7. Bg5 a6 8. Na3 b5 9. Nd5 Be7 10. Bxf6 Bxf6 11. c3 O-O 12. Nc2 Bg5 13. a4 bxa4 14.
Rxa4 a5 15. Bc4 Rb8 16. b3 Kh8 17. h4 Bh6 18. Nce3 Bxe3 19. Nxe3 Ne7 20. h5 h6 21.
Ra2 Bb7 22. Nd5 Nxd5 23. exd5 Qg5 24. O-O Bc8 25. Rxa5 Bg4 26. Qc1 Qxh5 27. Ra6 Rfd8 28. Qe3 Bd1 29. b4 Rbc8 30. Rc6 Ba4 31. b5 f5 32. Be2 Qh4 33. c4 e4 34. Qg3 Qf6 35. Qa3 Ra8 36. Qa1 Qg5 37. Qd4 Bc2 38.
b6 f4 39. f3 e3 40. b7 Rab8 41. Qb6 Bf5 42. Re1 Bh3 43. Bf1 Qg3 44. Re2 Bf5 45. Rxd6 Rg8 46. Qd4 Rxb7 47. Rxh6+ 1-0

[Event "Late-Titled-Tuesday-Blitz-February-06-2024"]
[Site "Chess.com"]
[Date "2024.02.06"]
[Round "8"]
[White "Pachonpower"]
[Black "The_Straightforward_Rook"]
[Result "1/2-1/2"]
[WhiteElo "2297"]
[BlackElo "2413"]
[TimeControl "180+1"]
[EndTime "15:29:24 PST"]
[Termination "Game drawn by stalemate"]

1. b3 e5 2. Bb2 Nc6 3. e3 Nf6 4. Nf3 e4 5. Ne5 Bd6 6. Nc4 Be7 7. g3 h5 8. Bg2 h4 9. Ne5 h3 10. Bf1 d6 11. Nxc6 bxc6 12. Be2 a5 13. Nc3 Bf5 14. d3 Qd7 15. f3 exf3 16. Bxf3 d5 17. e4 dxe4 18. dxe4 Qxd1+ 19. Rxd1 Bg4 20. Ke2 Bxf3+ 21. Kxf3 Bb4 22. Ne2 a4 23. a3 Be7 24.
b4 c5 25. b5 Rb8 26. c4 c6 27. e5 Nd7 28. bxc6 Rxb2 29. Rxd7 Rb3+ 30. Ke4 Rh6 31. Ra7 Rxc6 32. Rxa4 f6 33. Kd5 Rc8 34. Nf4 fxe5 35. Kxe5 Bf6+ 36. Kf5 Rb2 37. Re1+ Kf8 38. Re2 Rxe2 39.
Nxe2 Rb8 40. Nf4 Rb2 41. Nxh3 Rxh2 42. Nf4 Rf2 43. Ke6 Kg8 44. Ra5 Bd4 45. Kf5 Rf3 46.
g4 Be3 47. Kg6 Rxf4 48. Ra8+ Rf8 49. Rxf8+ Kxf8 50. a4 Bd4 51. a5 Be5 52. Kf5 Bb8 53. Ke6 Ke8 54. Kd5 Ba7 55. Kc6 Kd8 56. Kb7 g5 57. a6 Kd7 58. Kxa7 Kc7 59. Ka8 Kc8 60. a7 Kc7 1/2-1/2

[Event "Late-Titled-Tuesday-Blitz-February-06-2024"]
[Site "Chess.com"]
[Date "2024.02.06"]
[Round "8"]
[White "KaydenTroffChess"]
[Black "DraningWaterHi"]
[Result "0-1"]
[WhiteElo "2834"]
[BlackElo "2255"]
[TimeControl "180+1"]
[EndTime "15:29:25 PST"]
[Termination "DraningWaterHi won by checkmate"]

1. d4 Nf6 2. Nf3 g6 3. Bg5 Bg7 4. Nc3 h6 5. Bh4 d5 6. Bxf6 exf6 7. g3 f5 8. h4 c6 9. h5 g5 10. e3 Bf6 11. Bd3 Be6 12. Ne2 Nd7 13. c3 Bg7 14.
Qc2 Qf6 15. c4 O-O 16. Rc1 Rac8 17. b3 Nb6 18. Kf1 Rfd8 19. Ne5 Nd7 20. f4 dxc4 21. bxc4 c5 22. d5 Nxe5 23. fxe5 Qxe5 24. dxe6 fxe6 25. Kf2 Rd7 26. Rcd1 Rcd8 27. Qb1 b6 28. Bc2 Qc7 29.
Rxd7 Rxd7 30. Rd1 Be5 31. Ba4 Rd6 32. Qb5 Rxd1 33. Qe8+ Kg7 34. Qg6+ Kf8 35. Qxh6+ Bg7 36. Qxe6 Rd8 37. h6 Bh8 38. Qg6 Qe7 39. Kg2 Qf6 40.
Qh5 Qe7 41. Bc6 Qxe3 42. Bd5 Qe7 43. Nf4 gxf4 44. Qxf5+ Qf6 45. Qh7 f3+ 46. Kh3 f2 47. Qg8+ Ke7 48. Qh7+ Kd6 49. Bg2 f1=Q 50. Qb7 Q1f5+ 51.
Kh2 Qxh6+ 52. Kg1 Bd4# 0-1

[Event "Late-Titled-Tuesday-Blitz-February-06-2024"]
[Site "Chess.com"]
[Date "2024.02.06"]
[Round "8"]
[White "BeardedNM"]
[Black "picturesquecheck"]
[Result "0-1"]
[WhiteElo "2241"]
[BlackElo "2387"]
[TimeControl "180+1"]
[EndTime "15:29:25 PST"]
[Termination "picturesquecheck won on time"]

1. e4 d6 2. d4 g6 3. Nc3 Bg7 4. Be3 a6 5. Qd2 b5 6. Bd3 Bb7 7. f3 Nd7 8. a4 b4 9. Nd1 c5 10. Ne2 Qc7 11. dxc5 dxc5 12. Bc4 Ngf6 13. O-O O-O 14.
Bh6 Rad8 15. Bxg7 Kxg7 16. Qf4 e5 17. Qg3 Nh5 18. Qf2 Nb6 19. Ne3 a5 20. Bb5 c4 21.
Rfd1 Kg8 22. b3 c3 23. Rxd8 Rxd8 24. Rd1 Rd2 25. Bd3 Nf4 26. Rxd2 cxd2 27. Nxf4 exf4 28. Nd1 Nd7 29. Qxd2 Ne5 30. Be2 Qb6+ 31. Nf2 g5 32.
Kf1 Ba6 33. Bxa6 Qxa6+ 34. Nd3 Ng6 35. Qe2 Qc6 36. e5 h6 37. Qe4 Qxc2 38. e6 Qb1+ 39.
Kf2 Qxb3 40. exf7+ Qxf7 41. Ne5 Nxe5 42. Qxe5 b3 43.
Qb8+ Kg7 44. Qb5 Qe6 45. Qxa5 Qe3+ 46. Kf1 Qc1+ 47. Kf2 Qc2+ 48. Kf1 b2 49. Qe5+ Kf7 50. Qd5+ Ke7 51. Qb7+ Kd6 0-1

[Event "Late-Titled-Tuesday-Blitz-February-06-2024"]
[Site "Chess.com"]
[Date "2024.02.06"]
[Round "8"]
[White "Chessdreamer2020"]
[Black "Eloist"]
[Result "0-1"]
[WhiteElo "2542"]
[BlackElo "2450"]
[TimeControl "180+1"]
[EndTime "15:29:26 PST"]
[Termination "Eloist won on time"]

1. e4 e6 2. d4 d5 3. Nd2 c5 4. exd5 Qxd5 5. Ngf3 cxd4 6. Bc4 Qd6 7. Nb3 Qb4+ 8. Nbd2 Nc6 9. a3 Qb6 10. b4 Nf6 11. Nb3 Be7 12. Nbxd4 Nxd4 13. Qxd4 Qxd4 14. Nxd4 O-O 15. O-O Bd7 16. Bb3 a5 17. Bd2 Ne4 18.
Be1 axb4 19. f3 Bc5 20. Rd1 Nc3 21. Bxc3 bxc3 22. Kh1 Rxa3 23. Rfe1 Ba4 24. Bxa4 Rxa4 25. Nb5 Ra2 26. Re2 Bb4 27. h3 Ra5 28. Nc7 Rc5 29. Rd7 Rc8 30. Re4 Ba5 31. Nxe6 fxe6 32. Rxe6 R5c7 33.
Rd5 b6 34. Re4 h6 35. Kh2 Rf7 36. h4 Kf8 37. h5 Re7 38. Rf4+ Ke8 39. Rg4 Rc5 40.
Rd1 Rxh5+ 41. Kg3 Rhe5 42. Rdd4 Re2 0-1

[Event "Late-Titled-Tuesday-Blitz-February-06-2024"]
[Site "Chess.com"]
[Date "2024.02.06"]
[Round "8"]
[White "Dinamo3"]
[Black "Doublekk14"]
[Result "1-0"]
[WhiteElo "2505"]
[BlackElo "2306"]
[TimeControl "180+1"]
[EndTime "15:29:27 PST"]
[Termination "Dinamo3 won on time"]

1. c4 c5 2. g3 Nc6 3. Bg2 e6 4. Nc3 Nf6 5. Nf3 d5 6. cxd5 exd5 7. d4 h6 8. O-O Be7 9. dxc5 Bxc5 10. b3 O-O 11.
Bb2 Be6 12. Na4 Be7 13. Nd4 Qd7 14. Rc1 Rac8 15. Nc5 Bxc5 16. Rxc5 Ne4 17. Rc1 Bh3 18. Nxc6 bxc6 19. Qd4 Nf6 20. Rfd1 Bxg2 21. Kxg2 Rfe8 22. e3 Qf5 23. h3 h5 24. b4 a6 25. a3 Re4 26.
Qd2 h4 27. g4 Nxg4 28. hxg4 h3+ 29. Kh2 Rxg4 30. Rg1 Rg2+ 31. Rxg2 hxg2 32. Qd4 f6 33.
Kxg2 Kf7 34. Kf1 Rh8 35. Ke2 Rh2 36. Rf1 Qh5+ 37. Ke1 Rh4 38. Qc5 Kg6 39. Qc2+ f5 40. Bd4 Re4 41. Qxc6+ Kg5 42. Qxd5 Kh4 43. Qd8+ g5 44.
Rh1+ Kg4 45. Rxh5 1-0

[Event "Late-Titled-Tuesday-Blitz-February-06-2024"]
[Site "Chess.com"]
[Date "2024.02.06"]
[Round "8"]
[White "Escanor89"]
[Black "Hui_Li_Macau"]
[Result "1-0"]
[WhiteElo "2519"]
[BlackElo "2364"]
[TimeControl "180+1"]
[EndTime "15:29:30 PST"]
[Termination "Escanor89 won on time"]

1. e4 e5 2. Nf3 Nf6 3. Nc3 Nc6 4.
d4 exd4 5. Nxd4 Bb4 6. Nxc6 bxc6 7. Bd3 O-O 8. O-O d5 9. exd5 cxd5 10. h3 c6 11. Qf3 Bd6 12. Re1 h6 13. Bf4 Rb8 14.
b3 Rb4 15. Bxd6 Qxd6 16. Qe3 c5 17. Qe7 Qxe7 18. Rxe7 Rb7 19. Rae1 a5 20. Na4 c4 21.
bxc4 dxc4 22. Bxc4 Rb4 23. Bb3 Bf5 24. Nc5 Kh8 25.
Ra7 Bxc2 26. Bxc2 Rc4 27. Bb3 Rxc5 28. Ree7 Nd5 29. Rxf7 Rxf7 30. Rxf7 Nc3 31. Ra7 h5 32. h4 Re5 33. g3 Kh7 34. Kg2 Kh6 35. Ra6+ Kh7 36. Bc2+ Kg8 37. Bg6 Kf8 38. a3 Rc5 39.
Ra8+ Ke7 40. Rh8 Kf6 41. Bxh5 g6 42. Bf3 Nb5 43. a4 Nd4 44. Ra8 Kg7 45. Ra6 Rc4 46. Be4 1-0

[Event "Late-Titled-Tuesday-Blitz-February-06-2024"]
[Site "Chess.com"]
[Date "2024.02.06"]
[Round "8"]
[White "GAusal"]
[Black "cthake"]
[Result "0-1"]
[WhiteElo "2277"]
[BlackElo "1835"]
[TimeControl "180+1"]
[EndTime "15:29:31 PST"]
[Termination "cthake won by resignation"]

1. d4 f5 2. g3 Nf6 3. Bg2 g6 4.
Nh3 Bg7 5. O-O O-O 6. c4 d6 7. Nc3 e5 8. dxe5 dxe5 9. Qb3 Nc6 10. Bg5 Nd4 11. Qd1 Qe7 12. Nd5 Qd6 13. Bxf6 Bxf6 14.
Nxf6+ Qxf6 15. e3 Nc6 16. Qb3 Kh8 17. Rfd1 Rd8 18. Rxd8+ Qxd8 19. Rd1 Qe7 20. Kh1 Rb8 21. Ng1 Bd7 22. Nf3 e4 23. Qc3+ Kg8 24. Nd4 Nxd4 25.
Qxd4 Bc6 26. h4 a6 27. a3 Re8 28. b4 b6 29. Kh2 Qe5 30. Qxe5 Rxe5 31. Rd8+ Kg7 32.
Rd4 Re7 33. Kg1 Rd7 34. Rxd7+ Bxd7 35. Kf1 Kf6 36. Ke2 Ke5 37. Kd2 c5 38. Kc3 Bc6 39. Bf1 h6 40. Be2 g5 41. hxg5 hxg5 42. Bh5 f4 43.
gxf4+ gxf4 44. Bf7 fxe3 45. fxe3 cxb4+ 46. axb4 Ba4 47. Bd5 a5 48. bxa5 bxa5 49. c5 Kxd5 50. c6 Bxc6 0-1

[Event "Late-Titled-Tuesday-Blitz-February-06-2024"]
[Site "Chess.com"]
[Date "2024.02.06"]
[Round "8"]
[White "KantorGergely"]
[Black "sergiochess83"]
[Result "0-1"]
[WhiteElo "2772"]
[BlackElo "2923"]
[TimeControl "180+1"]
[EndTime "15:29:33 PST"]
[Termination "sergiochess83 won on time"]

1. Nf3 d5 2. d4 Nf6 3. c4 c6 4.
Nbd2 Bf5 5. Nh4 Be6 6. e3 g6 7.
Be2 Bg7 8. O-O O-O 9. b3 c5 10. Nhf3 Ne4 11. Bb2 Nc6 12. cxd5 Bxd5 13. Nc4 cxd4 14.
Nxd4 Nxd4 15. Bxd4 Bxc4 16. bxc4 Bxd4 17. Qxd4 Qxd4 18. exd4 Rfd8 19. d5 Rac8 20. Rfe1 Kf8 21. a4 Nd6 22. Rec1 Rc5 23. Rab1 b6 24. Rb2 Rdc8 25. Rbc2 Ra5 26. Ra1 Rxd5 27. f3 Rdc5 28. Rac1 e5 29. Kf2 Ke7 30. h4 h5 31. g4 Rh8 32.
Kg3 f5 33. Rd2 hxg4 34. Rcd1 Rd8 35. Rd5 gxf3 36. Rxc5 Ne4+ 37. Kxf3 Nxc5 38. Rg1 Kf6 39. Ke3 Rd4 40. h5 gxh5 41. Bxh5 f4+ 42. Kf3 Rxc4 43. Rg8 Rc3+ 44. Ke2 e4 45. Re8 Rc2+ 46. Kd1 Ra2 47. Rf8+ Ke5 48. Rd8 f3 0-1

[Event "Late-Titled-Tuesday-Blitz-February-06-2024"]
[Site "Chess.com"]
[Date "2024.02.06"]
[Round "8"]
[White "ChristopherYoo"]
[Black "Adar_07"]
[Result "1-0"]
[WhiteElo "2992"]
[BlackElo "2718"]
[TimeControl "180+1"]
[EndTime "15:29:37 PST"]
[Termination "ChristopherYoo won by resignation"]

1. e4 e6 2. Nf3 d5 3. exd5 exd5 4.
d4 Bf5 5. Bd3 Bxd3 6. Qxd3 Bd6 7. O-O Ne7 8. Qb5+ Nbc6 9. Qxb7 O-O 10. Qb5 Rb8 11. Qd3 Nb4 12. Qd1 Nf5 13. c3 Nc6 14.
Qd3 Qf6 15. Nbd2 Rfe8 16. Rd1 g5 17. g4 Ng7 18. Nf1 Ne6 19. Qf5 Qxf5 20. gxf5 Ng7 21.
Ne3 f6 22. Nxd5 Kf7 23. Ne3 Ne7 24. h4 h6 25. hxg5 hxg5 26. c4 Nexf5 27. c5 Nxe3 28. Bxe3 Bf8 29. b3 Nf5 30. Rd3 g4 31. Nh2 Re4 32.
Nf1 Rd8 33. Rad1 Rd5 34. Nd2 Re6 35. Nc4 Nh4 36. Kh2 Rh5 37. Kg3 f5 38. Ne5+ Kf6 39. Rh1 f4+ 40. Kxg4 Rg5+ 41. Kxh4 Kf5 42. Nf7 Rg7 43.
Bxf4 Kxf4 44. Kh3 Rxf7 45. Kg2 Rg6+ 46. Kf1 Ke4 47. Rd2 Bg7 48. Rh5 Rf5 49. Rh7 Rfg5 50.
d5 Rxd5 51. Rh4+ Ke5 52. Rh5+ Ke6 53. Rhxd5 Be5 54. Rd8 Bh2 55. Re2+ Kf7 56. Rd7+ Kf8 57. Re3 a5 58. Rh3 Rg1+ 59. Ke2 Be5 60. Rhh7 Bf6 61. Rdf7+ 1-0